 Dungeon Crawl Stone Soup version 0.28-a0-845-gfc338a8e3c (webtiles) character file.

Game seed: 3271539087823942739

416 bande the Covered (level 6, 0/39 HPs)
             Began as a Gargoyle Fighter on Nov 13, 2021.
             Slain by Grinder (3 damage)
             ... while paralysed by Grinder
             ... on level 4 of the Dungeon.
             The game lasted 00:04:28 (3579 turns).

bande the Covered (Gargoyle Fighter)                Turns: 3579, Time: 00:04:29

Health: 0/39       AC: 15    Str: 20    XL:     6   Next: 92%
Magic:  6/6        EV:  2    Int:  9    God:
Gold:   82         SH:  0    Dex: 10    Spells: 5/5 levels left

rFire   . . .      SeeInvis .   a - +1 war axe
rCold   . . .      Faith    .   c - +0 buckler
rNeg    + . .      Spirit   .   b - +0 scale mail
rPois   ∞          Reflect  .   g - +0 helmet
rElec   +          Harm     .   o - +0 cloak
rCorr   .          Rampage  .   h - +0 pair of gloves
Will    .....                   (no boots)
Stlth   ..........              (no amulet)
HPRegen 0.13/turn               (no ring)
MPRegen 0.10/turn               (no ring)

@: paralysed
A: sickness immunity, AC +4, negative energy resistance 1, electricity
resistance, torment resistance 1, petrification resistance
a: no special abilities


You were on level 4 of the Dungeon.
You visited 1 branch of the dungeon, and saw 4 of its levels.

You collected 82 gold pieces.

Inventory:

Hand Weapons
 a - a +1 war axe (weapon)
 e - a +0 war axe
 i - a +0 morningstar
 m - a +0 mace of protection
Armour
 b - a +0 scale mail (worn)
 c - a +0 buckler (worn)
 g - a +0 helmet (worn)
 h - a +0 pair of gloves (worn)
 o - a +0 cloak (worn)
Wands
 f - a wand of charming (9)
Scrolls
 l - a scroll of enchant weapon
Potions
 d - 2 potions of might
 k - a potion of mutation {unknown}
 p - 2 potions of lignification {unknown}


   Skills:
 + Level 4.3 Fighting
 + Level 4.3 Axes
 + Level 4.6 Armour
 + Level 4.0 Shields
 * Level 2.2 Evocations


You had 5 spell levels left.
You didn't know any spells.
Your spell library contained the following spells:

 Spells                   Type           Power      Damage    Failure   Level
 Slow                     Hex            0%         N/A       73%         1
 Confusing Touch          Hex            0%         N/A       97%         3
 Vampiric Draining        Necr           0%         2d6       97%         3


Dungeon Overview and Level Annotations

Branches:
Dungeon (4/15)
 Temple: D:4-7

Altars:

Annotations:
D:4 Grinder


Innate Abilities, Weirdness & Mutations

You are immune to sickness and miasma.
Your stone body is resilient. (AC +4)
You are immune to poison.
You resist negative energy. (rN+)
You are resistant to electric shocks. (rElec)
You are resistant to unholy torment.
You are immune to petrification.


Message History

Pain shoots through your body!
You hit Grinder.
Grinder is heavily wounded.
Grinder hits you but does no damage.
You hit Grinder.
Grinder is heavily wounded.
Grinder hits you. Grinder hits you but does no damage.
You hit Grinder.
Grinder is severely wounded.
Grinder gestures at you. Pain shoots through your body!
* * * LOW HITPOINT WARNING * * *
You hit Grinder.
Grinder is severely wounded.
Grinder hits you.
* * * LOW HITPOINT WARNING * * *
You writhe in agony.
* * * LOW HITPOINT WARNING * * *
You barely miss Grinder.
Grinder is severely wounded.
Grinder barely misses you.
You closely miss Grinder.
Grinder is severely wounded.
Grinder gestures at you. You resist with significant effort.
Grinder hits you but does no damage.
You closely miss Grinder.
Grinder is severely wounded.
Grinder says, "Are you a fish?" Grinder closely misses you.
You slash Grinder!
Grinder is almost dead.
Grinder hits you but does no damage.
You barely miss Grinder.
Grinder is almost dead.
Grinder hits you but does no damage. Grinder gestures at you.
You suddenly lose the ability to move!
Grinder barely misses you. Grinder hits you.
You die...

.###### ....#.##
.#.....##########
..#)............#
.#.#...########.#
.##.#.## #[##
#####.# #..# #.#
##5# ##'## #@#
##...## #.#
##.....## #.#
##..>....## #..#
#.........# #...#
+.....<...+ ......
#.........####...#
##.......## ##.##
##.....## .#


You could see Grinder.

Vanquished Creatures
  A black bear (D:2)
  A sky beast (D:3)
  A scorpion (D:4)
  Jessica (D:2)
  Terence (D:2)
  Natasha (D:2)
  2 adders
  2 dart slugs (D:2)
  3 worms
  5 orcs (D:3)
  5 bats
  8 endoplasms
  A giant cockroach (D:2)
  8 goblins
  6 hobgoblins
  3 jackals (D:3)
  4 kobolds
  A quokka (D:2)
  3 ball pythons
  5 frilled lizards
  7 rats
69 creatures vanquished.

Notes
Turn   | Place    | Note
-------+----------+-------------------------------------------
     0 | D:1      | bande the Gargoyle Fighter began the quest for the Orb.
     0 | D:1      | Reached XP level 1. HP: 14/14 MP: 1/1
   159 | D:1      | Found a faded altar of an unknown god.
   299 | D:1      | Reached XP level 2. HP: 16/19 MP: 2/2
  1424 | D:2      | Reached XP level 3. HP: 23/23 MP: 3/3
  1670 | D:2      | Noticed Jessica
  1673 | D:2      | Killed Jessica
  1674 | D:2      | Reached XP level 4. HP: 14/29 MP: 4/4
  1932 | D:2      | Noticed a black bear
  1940 | D:2      | Killed a black bear
  1941 | D:2      | Reached skill level 1 in Evocations
  1941 | D:2      | Reached XP level 5. HP: 33/33 MP: 5/5
  2319 | D:2      | Noticed Terence
  2325 | D:2      | Killed Terence
  2452 | D:2      | Noticed Natasha
  2461 | D:2      | Killed Natasha
  2462 | D:2      | Reached XP level 6. HP: 38/38 MP: 6/6
  3153 | D:3      | Noticed a sky beast
  3177 | D:3      | Killed a sky beast
  3550 | D:4      | Noticed Grinder
  3561 | D:4      | Paralysed by Grinder for 4 turns
  3577 | D:4      | Paralysed by Grinder for 4 turns
  3579 | D:4      | Slain by Grinder

Illustrated notes

Levels and vault maps discovered:
D:1:      lightli_arrival_quake, layout_basic, ebering_ecumenical_altar_rust
D:2:      minmay_alternating_diamond, layout_basic, uniq_natasha, uniq_terence,
          uniq_jessica
D:3:      layout_rooms
D:4:      kb_forest_paths, layout_loops_corners, uniq_grinder

Skill      XL: |  1  2  3  4  5  6 |
---------------+-------------------+-----
Axes           | 2 3 4 |  4.3
Fighting       | 4 |  4.3
Armour         | 4 |  4.6
Evocations     | 1 2 |  2.2
Shields        | 4 |  4.0

Action                   |  1- 3 |  4- 6 || total
-------------------------+-------+-------++-------
Melee: War axe           |    81 |   128 ||   209
  Use: Scroll            |     3 |     3 ||     6
Armor: Scale mail        |    48 |    85 ||   133
Dodge: Dodged            |    37 |    50 ||    87
Block: Buckler           |    14 |    21 ||    35

Table legend: (Time is in decaauts)
 A = Elapsed time spent in this place.
 B = Non-inter-level travel time spent in this place.
 C = Inter-level travel time spent in this place.
 D = Time resting spent in this place.
 E = Time spent auto-exploring this place.
 F = Levels seen in this place.
 G = Mean time per level.
                   A        B        C        D        E       F      G
               +--------+--------+--------+--------+--------+-----+--------+
         Total |   3653 |   3480 |    173 |    485 |   2409 |   4 |  913.2 |
       Dungeon |   3653 |   3480 |    173 |    485 |   2409 |   4 |  913.2 |
               +--------+--------+--------+--------+--------+-----+--------+

Top non-repeatable levels by time:
     D:2: 1447 daAuts
     D:1: 1431 daAuts
     D:3: 631 daAuts
     D:4: 142 daAuts
